 Dungeon Crawl Stone Soup version 0.22-a0-179-gb5258fd (webtiles) character file.

1177 GrunderHorse the Shield-Bearer (level 8, 0/100 HPs)
             Began as a Gnoll Fighter on Feb 13, 2018.
             Succumbed to a water moccasin's poison
             ... on level 6 of the Dungeon.
             The game lasted 00:12:31 (6122 turns).

GrunderHorse the Shield-Bearer (Gnoll Fighter)      Turns: 6122, Time: 00:12:32

Health: 0/100      AC: 24    Str: 19    XL:     8   Next: 41%
Magic:  12/12      EV:  2    Int: 16    God:
Gold:   352        SH:  6    Dex: 16    Spells: 13/13 levels left

rFire    . . .     SeeInvis .   K - +0 spear
rCold    . . .     Gourm    .   F - +0 buckler
rNeg     + + +     Faith    .   (armour currently unavailable)
rPois    +         Spirit   .   (helmet currently unavailable)
rElec    .         Reflect  .   (cloak currently unavailable)
rCorr    .         Harm     .   (gloves currently unavailable)
MR       .....     NoTele   +   (boots currently unavailable)
Stlth    +++.......             I - amulet of rage
HPRegen  0.26/turn              k - ring of flight
MPRegen  0.13/turn              E - ring of stealth

@: brilliant, lethally poisoned (0 -> -8), tree-form, berserk cooldown, very
slightly contaminated, slowed, invisible, very slow
A: distributed training, strong nose
a: Evoke Berserk Rage


You were on level 6 of the Dungeon.
You were hungry.
You were a tree.
You visited 1 branch of the dungeon, and saw 6 of its levels.

You collected 352 gold pieces.

Inventory:

Hand Weapons
 l - a cursed -1 whip
 z - a +1 longbow of flaming
 C - a +4 dagger of speed
 D - a +0 fustibalus
 K - a +0 spear (weapon)
 P - a +0 shortbow of flaming
Missiles
 m - 117 stones (quivered)
 n - 2 tomahawks
 p - 13 sling bullets
 t - 88 arrows
Armour
 b - a +0 scale mail (melded)
 c - a +0 shield
 F - a +0 buckler (worn)
Jewellery
 g - an uncursed amulet of the acrobat {unknown}
 k - a ring of flight (left branch)
 y - an uncursed ring of ice
 E - a ring of stealth (right branch)
 I - an amulet of rage (around neck)
 L - an uncursed ring of wizardry {unknown}
Wands
 B - a wand of polymorph (6)
 M - a wand of acid (7)
Scrolls
 h - 7 scrolls of identify {unknown}
 i - 4 scrolls of remove curse {unknown}
 j - 3 scrolls of fog {unknown}
 o - 5 scrolls of teleportation {unknown}
 q - 3 scrolls of enchant armour {unknown}
 u - 3 scrolls of enchant weapon {unknown}
 w - 3 scrolls of blinking {unknown}
 x - 2 scrolls of fear {unknown}
 G - 2 scrolls of amnesia {unknown}
Potions
 a - a potion of degeneration {unknown}
 d - 2 potions of might
 e - a potion of ambrosia {unknown}
 r - 3 potions of resistance
 N - a potion of heal wounds {unknown}
Comestibles
 f - 10 rations


   Skills:
 + Level 7.3 Fighting
 + Level 3.2 Short Blades
 + Level 3.2 Long Blades
 + Level 3.2 Axes
 + Level 3.2 Maces & Flails
 + Level 5.6 Polearms
 + Level 3.2 Staves
 + Level 3.2 Slings
 + Level 3.2 Bows
 + Level 3.2 Crossbows
 + Level 3.2 Throwing
 + Level 7.3 Armour
 + Level 3.2 Dodging
 + Level 3.2 Stealth
 + Level 7.3 Shields
 + Level 3.2 Unarmed Combat
 + Level 3.2 Spellcasting
 + Level 2.6 Conjurations
 + Level 2.6 Hexes
 + Level 2.6 Charms
 + Level 2.6 Summonings
 + Level 2.6 Necromancy
 + Level 2.6 Translocations
 + Level 2.6 Transmutations
 + Level 2.6 Fire Magic
 + Level 2.6 Ice Magic
 + Level 2.6 Air Magic
 + Level 2.6 Earth Magic
 + Level 2.6 Poison Magic
 + Level 3.5 Invocations
 + Level 3.2 Evocations


You had 13 spell levels left.
You didn't know any spells.

Dungeon Overview and Level Annotations

Branches:
Dungeon (6/15)
 Temple: D:4-7

Altars:
Uskayaw

Shops:
D:5 [


Innate Abilities, Weirdness & Mutations

Your experience applies equally to all skills.
((You have very sharp teeth.))
Your uncanny sense of smell can sniff out nearby items.


Message History

* * * LOW HITPOINT WARNING * * *
You feel sick.
* * * LOW HITPOINT WARNING * * *
You feel very sick.
It was a potion of brilliance.
You feel clever all of a sudden.
* * * LOW HITPOINT WARNING * * *
You feel sick.
It was a potion of magic.
Magic courses through your body.
* * * LOW HITPOINT WARNING * * *
You feel very sick.
It was a potion of invisibility.
You fade into invisibility!
* * * LOW HITPOINT WARNING * * *
You feel sick.
You are very lightly contaminated with residual magic.
It was a potion of lignification.
You turn into a tree.
Your +0 scale mail melds into your body.
Your roots penetrate the ground.
You die...

### ### ###
#.########.####.####
#...................
#..♣..†..........###
#.########.####..# #.#
#.# #..# #.# #.####..###
#........##..........
......................
#.##........##..........
# .....######..###..###
#$..... ... .......


There were no monsters in sight!

Vanquished Creatures
  Menkaure (D:4)
  A water moccasin (D:6)
  A phantom (D:4)
  2 centaurs (D:6)
  2 bullfrogs
  A crimson imp (D:5)
  2 quasits
  3 hounds
  An orc priest (D:4)
  An orc wizard (D:4)
  Jessica (D:2)
  A bullfrog skeleton (D:6)
  Ijyb (D:3)
  A worker ant (D:4)
  2 iguanas (D:5)
  A worker ant zombie (D:6)
  5 adders
  3 gnolls (D:2)
  An ooze (D:4)
  An adder skeleton (D:4)
  A worm (D:2)
  2 dart slugs
  A leopard gecko (D:6)
  14 orcs
  2 giant cockroaches (D:2)
  8 goblins
  10 hobgoblins
  4 jackals (D:3)
  4 kobolds
  2 quokkas
  4 bats
  4 frilled lizards
  A jackal skeleton (D:5)
  A quokka skeleton (D:5)
  11 rats
101 creatures vanquished.

Notes
Turn   | Place    | Note
-------+----------+-------------------------------------------
     0 | D:1      | GrunderHorse the Gnoll Fighter began the quest for the Orb.
     0 | D:1      | Reached XP level 1. HP: 23/23 MP: 1/1
   110 | D:1      | Reached XP level 2. HP: 28/29 MP: 2/2
   437 | D:1      | Reached XP level 3. HP: 35/35 MP: 3/3
  1051 | D:2      | Reached skill level 1 in Invocations
  1242 | D:2      | Noticed Jessica
  1280 | D:2      | Killed Jessica
  1280 | D:2      | Reached skill level 1 in Short Blades
  1280 | D:2      | Reached skill level 1 in Long Blades
  1280 | D:2      | Reached skill level 1 in Axes
  1280 | D:2      | Reached skill level 1 in Maces & Flails
  1280 | D:2      | Reached skill level 1 in Staves
  1280 | D:2      | Reached skill level 1 in Slings
  1280 | D:2      | Reached skill level 1 in Bows
  1280 | D:2      | Reached skill level 1 in Crossbows
  1280 | D:2      | Reached skill level 1 in Throwing
  1280 | D:2      | Reached skill level 1 in Dodging
  1280 | D:2      | Reached skill level 1 in Stealth
  1280 | D:2      | Reached skill level 1 in Unarmed Combat
  1280 | D:2      | Reached skill level 1 in Spellcasting
  1280 | D:2      | Reached skill level 1 in Evocations
  1280 | D:2      | Reached XP level 4. HP: 6/41 MP: 5/5
  1707 | D:2      | Reached skill level 1 in Conjurations
  1707 | D:2      | Reached skill level 1 in Hexes
  1707 | D:2      | Reached skill level 1 in Charms
  1707 | D:2      | Reached skill level 1 in Summonings
  1707 | D:2      | Reached skill level 1 in Necromancy
  1707 | D:2      | Reached skill level 1 in Translocations
  1707 | D:2      | Reached skill level 1 in Transmutations
  1707 | D:2      | Reached skill level 1 in Fire Magic
  1707 | D:2      | Reached skill level 1 in Ice Magic
  1707 | D:2      | Reached skill level 1 in Air Magic
  1707 | D:2      | Reached skill level 1 in Earth Magic
  1707 | D:2      | Reached skill level 1 in Poison Magic
  2122 | D:3      | Reached XP level 5. HP: 46/47 MP: 6/6
  2229 | D:3      | Noticed Ijyb
  2283 | D:3      | Killed Ijyb
  2736 | D:4      | Reached XP level 6. HP: 36/53 MP: 8/8
  2872 | D:4      | Reached skill level 5 in Polearms
  3251 | D:4      | Noticed a phantom
  3286 | D:4      | Killed a phantom
  3572 | D:4      | Found a hide-covered altar of Uskayaw.
  3664 | D:4      | Reached XP level 7. HP: 59/59 MP: 10/10
  3675 | D:4      | Noticed Menkaure
  3682 | D:4      | Killed Menkaure
  3936 | D:5      | Entered Level 5 of the Dungeon
  4353 | D:5      | Found Qaijonu's Antique Armour Shoppe.
  5296 | D:6      | Reached XP level 8. HP: 19/67 MP: 12/12
  5778 | D:6      | HP: 3/67 [centaur/arrow (3)]
  5782 | D:6      | HP: 1/67 [centaur/arrow (1)]
  6120 | D:6      | HP: 3/67 [poisoned by a water moccasin]
  6121 | D:6      | HP: 1/67 [poisoned by a water moccasin]
  6122 | D:6      | Succumbed to a water moccasin's poison

Vault maps used:
D:1:      scummos_arrival_star
D:2:      grunt_decor_one_mirror, minmay_goblin_outpost, uniq_jessica
D:3:      uniq_ijyb
D:4:      eat_drink_and_be_merry_uskayaw, uniq_menkaure
D:5:      serial_curves, eino_curves_03, eino_curves_01, serial_shops,
          nicolae_shop_statue_plus, first_ration
D:6:      temple_statues, led_sif_pool

Skill      XL: |  1  2  3  4  5  6  7  8 |
---------------+-------------------------+-----
Invocations    | 1 2 3 |  3.5
Short Blades   | 1 2 3 |  3.2
Long Blades    | 1 2 3 |  3.2
Axes           | 1 2 3 |  3.2
Maces & Flails | 1 2 3 |  3.2
Staves         | 1 2 3 |  3.2
Slings         | 1 2 3 |  3.2
Bows           | 1 2 3 |  3.2
Crossbows      | 1 2 3 |  3.2
Throwing       | 1 2 3 |  3.2
Dodging        | 1 2 3 |  3.2
Stealth        | 1 2 3 |  3.2
Unarmed Combat | 1 2 3 |  3.2
Spellcasting   | 1 2 3 |  3.2
Evocations     | 1 2 3 |  3.2
Conjurations   | 1 2 |  2.6
Hexes          | 1 2 |  2.6
Charms         | 1 2 |  2.6
Summonings     | 1 2 |  2.6
Necromancy     | 1 2 |  2.6
Translocations | 1 2 |  2.6
Transmutations | 1 2 |  2.6
Fire Magic     | 1 2 |  2.6
Ice Magic      | 1 2 |  2.6
Air Magic      | 1 2 |  2.6
Earth Magic    | 1 2 |  2.6
Poison Magic   | 1 2 |  2.6
Polearms       | 5 |  5.6
Fighting       | 7 |  7.3
Armour         | 7 |  7.3
Shields        | 7 |  7.3

Action                   |  1- 3 |  4- 6 |  7- 9 || total
-------------------------+-------+-------+-------++-------
Melee: Trident           |   121 |    89 |       ||   210
       Bite              |    13 |    23 |    31 ||    67
       Spear             |       |    86 |   289 ||   375
Throw: Stone             |     5 |       |       ||     5
 Abil: Evoke Berserk Rag |       |     1 |     4 ||     5
  Use: Potion            |       |       |     6 ||     6
 Stab: Sleeping          |       |     1 |     2 ||     3
  Eat: Chunk             |     1 |     9 |    11 ||    21
Armor: Scale mail        |    37 |    33 |    67 ||   137
Dodge: Dodged            |    37 |    47 |   115 ||   199
Block: Shield            |    76 |    41 |       ||   117
       Buckler           |       |    22 |    70 ||    92

Table legend:
 A = Spawn XP
 B = Non-spawn XP
 C = Spawn XP percentage of total XP
 D = Spawn monster count
 E = Non-spawn monster count
 F = Spawn count percentage of total count
 G = Total turns spent on level
                    A         B        C        D         E        F      G
               +---------+---------+-------+---------+---------+-------+---------
         Total |       0 |    1682 |   0.0 |       0 |     101 |   0.0 |  6122
               +---------+---------+-------+---------+---------+-------+---------
           D:1 |       0 |      34 |   0.0 |       0 |      22 |   0.0 |   779
           D:2 |       0 |     113 |   0.0 |       0 |      23 |   0.0 |  1284
           D:3 |       0 |     115 |   0.0 |       0 |      17 |   0.0 |   610
           D:4 |       0 |     570 |   0.0 |       0 |      11 |   0.0 |  1263
           D:5 |       0 |     237 |   0.0 |       0 |      15 |   0.0 |  1118
           D:6 |       0 |     613 |   0.0 |       0 |      13 |   0.0 |  1068
               +---------+---------+-------+---------+---------+-------+---------
